PBL
MIAMI BEACH MARLINS @ ROSWELL INVADERS
10/09/2047
 
TOP OF THE 1ST
Miami Beach Marlins batting - Pitching for Amarillo ThunderHeads : RHP Kenbede Kajombo
Pitching: RHP Kenbede Kajombo
Batting: LHB Mike Sammons 0-0: Called Strike
0-1: Foul Ball, location: 2F
0-2: Ball
1-2: Strikes out swinging
Batting: RHB Ethan Roberts 0-0: Reached on error, E6 (Groundball, 6M, EV 96.9 MPH)
Batting: SHB Carlos Rodriguez 0-0: Swinging Strike
0-1: Ball
1-1: Ball
2-1: Grounds into double play, 5-4-3 (Groundball, 56S, EV 80.6 MPH)
Top of the 1st over - 0 runs, 0 hits, 1 error, 0 left on base; Miami Beach 0 - Amarillo 0
BOTTOM OF THE 1ST
Amarillo ThunderHeads batting - Pitching for Miami Beach Marlins : RHP Bezzi Saadauri
Pitching: RHP Bezzi Saadauri
Batting: RHB Mike Trujillo 0-0: Called Strike
0-1: Ball
1-1: Ball
2-1: Ground out 5-3 (Groundball, 5S, EV 76.3 MPH)
Batting: RHB Marços Berto 0-0: Ball
1-0: Foul Ball, location: 2F
1-1: Ground out 5-3 (Groundball, 56, EV 100.6 MPH)
Batting: RHB Kisho Ito 0-0: Ball
1-0: Ball
2-0: Foul Ball, location: 2F
2-1: Ground out 6-3 (Groundball, 4MS, EV 79.4 MPH)
Bottom of the 1st over - 0 runs, 0 hits, 0 errors, 0 left on base; Miami Beach 0 - Amarillo 0
TOP OF THE 2ND
Miami Beach Marlins batting - Pitching for Amarillo ThunderHeads : RHP Kenbede Kajombo
Batting: RHB Armando Colon 0-0: Called Strike
0-1: Foul Ball, location: 2F
0-2: Ball
1-2: Ground out 6-3 (Groundball, 6, EV 80.0 MPH)
Batting: LHB Kyle Goodwin 0-0: Fly out, F8 (Flyball, 8LXD, EV 96.3 MPH)
Batting: RHB Tony Galvan 0-0: SINGLE (Line Drive, 78S, EV 108.1 MPH)
Batting: RHB Kenny Dickey 0-0: Ball
1-0: Foul Ball, location: 2F
1-1: Ball
2-1: Called Strike
2-2: Foul Ball, location: 2F
2-2: Ball
3-2: Foul Ball, location: 2F
3-2: Foul Ball, location: 2F
3-2: Foul Ball, location: 2F
3-2: SINGLE (Groundball, 4MD, EV 85.0 MPH) (infield hit)
Tony Galvan to second
Batting: RHB Matt Heintz 0-0: Called Strike
0-1: Fly out, F7 (Flyball, 7S, EV 93.8 MPH)
Top of the 2nd over - 0 runs, 2 hits, 0 errors, 2 left on base; Miami Beach 0 - Amarillo 0
BOTTOM OF THE 2ND
Amarillo ThunderHeads batting - Pitching for Miami Beach Marlins : RHP Bezzi Saadauri
Batting: RHB Luis Mendoza 0-0: Ball
1-0: Ball
2-0: Foul Ball, location: 2F
2-1: Swinging Strike
2-2: Foul Ball, location: 2F
2-2: Foul Ball, location: 2F
2-2: Ground out U3 (Groundball, 34S, EV 73.8 MPH)
Batting: LHB Javy Cisneros 0-0: Called Strike
0-1: Called Strike
0-2: Ball
1-2: Ground out U3 (Groundball, 34S, EV 63.8 MPH)
Batting: SHB Manny Morales 0-0: Ball
1-0: Foul Ball, location: 2F
1-1: Swinging Strike
1-2: Ground out 6-3 (Groundball, 56, EV 76.9 MPH)
Bottom of the 2nd over - 0 runs, 0 hits, 0 errors, 0 left on base; Miami Beach 0 - Amarillo 0
TOP OF THE 3RD
Miami Beach Marlins batting - Pitching for Amarillo ThunderHeads : RHP Kenbede Kajombo
Batting: RHB Bezzi Saadauri 0-0: Ball
1-0: Swinging Strike
1-1: Ball
2-1: Ball
3-1: Base on Balls
Batting: LHB Mike Sammons 0-0: Swinging Strike
0-1: Called Strike
0-2: Ball
1-2: Ball
2-2: Ball
3-2: Fielders Choice at 2nd, 5-4 (Groundball, 56, EV 93.8 MPH)
Batting: RHB Ethan Roberts 0-0: Called Strike
0-1: Fly out, F7 (Flyball, 7LSF, EV 94.4 MPH)
Batting: SHB Carlos Rodriguez 0-0: Called Strike
0-1: Ball
1-1: Called Strike
1-2: Foul Ball, location: 2F
1-2: Ball
2-2: Fly out, F7 (Flyball, 7S, EV 83.8 MPH)
Top of the 3rd over - 0 runs, 0 hits, 0 errors, 1 left on base; Miami Beach 0 - Amarillo 0
BOTTOM OF THE 3RD
Amarillo ThunderHeads batting - Pitching for Miami Beach Marlins : RHP Bezzi Saadauri
Batting: LHB Takeo Nishiguchi 0-0: Ball
1-0: Ball
2-0: Called Strike
2-1: Ball
3-1: DOUBLE (Line Drive, 78D, EV 107.5 MPH)
Batting: RHB Milion Kahangi 0-0: Ball
1-0: Foul Ball, location: 2F
1-1: Foul Ball, location: 2F
1-2: Strikes out looking
Batting: RHB Kenbede Kajombo 0-0: DOUBLE (Line Drive, 7LM, EV 100.6 MPH)
Takeo Nishiguchi scores
Batting: RHB Mike Trujillo 0-0: Called Strike
0-1: Fly out, F7 (Flyball, 7, EV 75.6 MPH)
Batting: RHB Marços Berto 0-0: Ground out 6-3 (Groundball, 6M, EV 86.9 MPH)
Bottom of the 3rd over - 1 run, 2 hits, 0 errors, 1 left on base; Miami Beach 0 - Amarillo 1
TOP OF THE 4TH
Miami Beach Marlins batting - Pitching for Amarillo ThunderHeads : RHP Kenbede Kajombo
Batting: RHB Armando Colon 0-0: Called Strike
0-1: Called Strike
0-2: Strikes out swinging
Batting: LHB Kyle Goodwin 0-0: Ball
1-0: Called Strike
1-1: Ball
2-1: Ball
3-1: Ground out 6-3 (Groundball, 6, EV 108.8 MPH)
Batting: RHB Tony Galvan 0-0: Swinging Strike
0-1: Called Strike
0-2: Ball
1-2: Strikes out swinging
Top of the 4th over - 0 runs, 0 hits, 0 errors, 0 left on base; Miami Beach 0 - Amarillo 1
BOTTOM OF THE 4TH
Amarillo ThunderHeads batting - Pitching for Miami Beach Marlins : RHP Bezzi Saadauri
Batting: RHB Kisho Ito 0-0: Called Strike
0-1: Ball
1-1: Ball
2-1: Foul Ball, location: 2F
2-2: Foul Ball, location: 2F
2-2: Strikes out swinging
Batting: RHB Luis Mendoza 0-0: Called Strike
0-1: Foul Ball, location: 2F
0-2: Ball
1-2: Ball
2-2: Ball
3-2: SOLO HOME RUN (Flyball, 78XD, EV 93.8 MPH), Distance : 409 ft
Batting: LHB Javy Cisneros 0-0: Ball
1-0: Ground out 1-3 (Groundball, 23, EV 76.9 MPH)
Batting: SHB Manny Morales 0-0: Called Strike
0-1: Swinging Strike
0-2: Ball
1-2: Foul Ball, location: 2F
1-2: Ball
2-2: DOUBLE (Line Drive, 5D, EV 101.3 MPH)
Batting: LHB Takeo Nishiguchi 0-0: Ground out 3-1 (Groundball, 3D, EV 100.0 MPH)
Bottom of the 4th over - 1 run, 2 hits, 0 errors, 1 left on base; Miami Beach 0 - Amarillo 2
TOP OF THE 5TH
Miami Beach Marlins batting - Pitching for Amarillo ThunderHeads : RHP Kenbede Kajombo
Batting: RHB Kenny Dickey 0-0: Ball
1-0: Fly out, F9 (Flyball, 89M, EV 88.1 MPH)
Batting: RHB Matt Heintz 0-0: TRIPLE (Flyball, 89XD, EV 96.9 MPH)
Batting: RHB Bezzi Saadauri 0-0: Foul Ball, location: 2F
0-1: Foul Ball, location: 2F
0-2: Ball
1-2: Ball
2-2: Strikes out looking
Batting: LHB Mike Sammons 0-0: Ball
1-0: Foul Ball, location: 2F
1-1: Swinging Strike
1-2: Ball
2-2: Strikes out looking
Top of the 5th over - 0 runs, 1 hit, 0 errors, 1 left on base; Miami Beach 0 - Amarillo 2
BOTTOM OF THE 5TH
Amarillo ThunderHeads batting - Pitching for Miami Beach Marlins : RHP Bezzi Saadauri
Batting: RHB Milion Kahangi 0-0: Ball
1-0: Ball
2-0: Swinging Strike
2-1: Ground out 6-3 (Groundball, 56, EV 106.9 MPH)
Batting: RHB Kenbede Kajombo 0-0: Ball
1-0: Swinging Strike
1-1: Ball
2-1: Ball
3-1: SOLO HOME RUN (Flyball, 7LD, EV 96.9 MPH), Distance : 340 ft
Batting: RHB Mike Trujillo 0-0: Ball
1-0: Swinging Strike
1-1: Ball
2-1: Called Strike
2-2: Ball
3-2: DOUBLE (Flyball, 78D, EV 91.3 MPH)
Batting: RHB Marços Berto 0-0: Ball
1-0: Fly out, F7 (Flyball, 7S, EV 84.4 MPH)
Batting: RHB Kisho Ito 0-0: Called Strike
0-1: SINGLE (Groundball, 4D, EV 110.0 MPH)
Mike Trujillo to third
Batting: RHB Luis Mendoza 0-0: Ball
Kisho Ito is caught stealing 2nd base 2-4
Bottom of the 5th over - 1 run, 3 hits, 0 errors, 1 left on base; Miami Beach 0 - Amarillo 3
TOP OF THE 6TH
Miami Beach Marlins batting - Pitching for Amarillo ThunderHeads : RHP Kenbede Kajombo
Batting: RHB Ethan Roberts 0-0: Ball
1-0: Called Strike
1-1: Ball
2-1: Fly out, F8 (Flyball, 89D, EV 96.3 MPH)
Batting: SHB Carlos Rodriguez 0-0: Ball
1-0: Foul Ball, location: 2F
1-1: Ball
2-1: Foul Ball, location: 2F
2-2: Ball
3-2: Ground out 4-3 (Groundball, 4, EV 83.8 MPH)
Batting: RHB Armando Colon 0-0: Ball
1-0: SINGLE (Groundball, 4MD, EV 95.0 MPH)
Batting: LHB Kyle Goodwin 0-0: Swinging Strike
0-1: Foul Ball, location: 2F
0-2: Fly out, F7 (Flyball, 7S, EV 90.0 MPH)
Top of the 6th over - 0 runs, 1 hit, 0 errors, 1 left on base; Miami Beach 0 - Amarillo 3
BOTTOM OF THE 6TH
Amarillo ThunderHeads batting - Pitching for Miami Beach Marlins : RHP Bezzi Saadauri
Batting: RHB Luis Mendoza 0-0: Called Strike
0-1: Foul Ball, location: 2F
0-2: Ball
1-2: Fly out, F7 (Flyball, 7S, EV 93.8 MPH)
Batting: LHB Javy Cisneros 0-0: Ball
1-0: Called Strike
1-1: Fly out, F9 (Flyball, 89M, EV 98.1 MPH)
Batting: SHB Manny Morales 0-0: SINGLE (Line Drive, 56, EV 111.3 MPH)
Batting: LHB Takeo Nishiguchi 0-0: Ball
1-0: Ball
2-0: Swinging Strike
2-1: SINGLE (Groundball, 34D, EV 98.1 MPH)
Manny Morales to second
Runner from 2nd tries for 3rd, SAFE, throw by RF made to third
Batting: RHB Milion Kahangi 0-0: Ball
1-0: Foul Ball, location: 2F
1-1: Ball
2-1: Ground out 6-3 (Groundball, 56D, EV 76.9 MPH)
Bottom of the 6th over - 0 runs, 2 hits, 0 errors, 2 left on base; Miami Beach 0 - Amarillo 3
TOP OF THE 7TH
Miami Beach Marlins batting - Pitching for Amarillo ThunderHeads : RHP Kenbede Kajombo
Batting: RHB Tony Galvan 0-0: Foul Ball, location: 2F
0-1: Foul Ball, location: 2F
0-2: Foul Ball, location: 2F
0-2: DOUBLE (Flyball, 8RXD, EV 87.5 MPH)
Batting: RHB Kenny Dickey 0-0: Called Strike
0-1: Called Strike
0-2: Ball
1-2: Foul Ball, location: 2F
1-2: Ball
2-2: Ground out 5-3 (Groundball, 56, EV 103.1 MPH)
Batting: RHB Matt Heintz 0-0: Ball
1-0: Swinging Strike
1-1: Ball
2-1: Foul Ball, location: 2F
2-2: Strikes out swinging
Pinch Hitting: SHB Bill Burd 0-0: Swinging Strike
0-1: Swinging Strike
0-2: Ball
1-2: Ball
2-2: Ball
3-2: Ground out U3 (Groundball, 3, EV 80.6 MPH)
Top of the 7th over - 0 runs, 1 hit, 0 errors, 1 left on base; Miami Beach 0 - Amarillo 3
BOTTOM OF THE 7TH
Amarillo ThunderHeads batting - Pitching for Miami Beach Marlins : RHP Bezzi Saadauri
Pitching: RHP Harry Propes
Batting: RHB Kenbede Kajombo 0-0: Foul Ball, location: 2F
0-1: Called Strike
0-2: Ball
1-2: Ball
2-2: Foul Ball, location: 2F
2-2: Ground out 6-3 (Groundball, 6, EV 101.3 MPH)
Batting: RHB Mike Trujillo 0-0: Foul Ball, location: 2F
0-1: Ball
1-1: Swinging Strike
1-2: Strikes out swinging
Batting: RHB Marços Berto 0-0: Called Strike
0-1: SINGLE (Groundball, 56, EV 103.8 MPH)
Batting: RHB Kisho Ito 0-0: Called Strike
0-1: Called Strike
0-2: Strikes out swinging
Bottom of the 7th over - 0 runs, 1 hit, 0 errors, 1 left on base; Miami Beach 0 - Amarillo 3
TOP OF THE 8TH
Miami Beach Marlins batting - Pitching for Amarillo ThunderHeads : RHP Kenbede Kajombo
Batting: LHB Mike Sammons 0-0: Ball
1-0: Called Strike
1-1: Ball
2-1: Called Strike
2-2: Ball
3-2: Foul Ball, location: 2F
3-2: Foul Ball, location: 2F
3-2: SINGLE (Line Drive, 6MD, EV 102.5 MPH)
Batting: RHB Ethan Roberts 0-0: Ball
1-0: Swinging Strike
1-1: Ball
2-1: Fielders Choice at 2nd, 6-4 (Groundball, 6, EV 98.8 MPH)
Batting: SHB Carlos Rodriguez 0-0: Called Strike
0-1: Ball
1-1: Fielders Choice at 2nd, 4-6 (Groundball, 4, EV 85.0 MPH)
Batting: RHB Armando Colon 0-0: Foul Ball, location: 2F
0-1: Ball
1-1: Called Strike
1-2: Ball
2-2: Fielders Choice at 2nd, 6-4 (Groundball, 6, EV 88.8 MPH)
Top of the 8th over - 0 runs, 1 hit, 0 errors, 1 left on base; Miami Beach 0 - Amarillo 3
BOTTOM OF THE 8TH
Amarillo ThunderHeads batting - Pitching for Miami Beach Marlins : RHP Harry Propes
Batting: RHB Luis Mendoza 0-0: Ball
1-0: Called Strike
1-1: Called Strike
1-2: Strikes out looking
Batting: LHB Javy Cisneros 0-0: Called Strike
0-1: Called Strike
0-2: Foul Ball, location: 2F
0-2: Ball
1-2: Ground out 5-3 (Groundball, 56, EV 106.9 MPH)
Batting: SHB Manny Morales 0-0: SINGLE (Groundball, 56D, EV 96.9 MPH)
Batting: LHB Takeo Nishiguchi 0-0: Called Strike
0-1: Ball
Wild Pitch!
Manny Morales to second
1-1: Intentional Walk
Batting: RHB Milion Kahangi 0-0: Called Strike
0-1: Fielders Choice at 2nd, 5-4 (Groundball, 56, EV 104.4 MPH)
Bottom of the 8th over - 0 runs, 1 hit, 0 errors, 2 left on base; Miami Beach 0 - Amarillo 3
TOP OF THE 9TH
Miami Beach Marlins batting - Pitching for Amarillo ThunderHeads : RHP Kenbede Kajombo
Batting: LHB Kyle Goodwin 0-0: Ball
1-0: Ball
2-0: Ball
3-0: Called Strike
3-1: SINGLE (Flyball, 78S, EV 91.3 MPH)
Batting: RHB Tony Galvan 0-0: Ball
1-0: Ball
2-0: Ball
3-0: Called Strike
3-1: Swinging Strike
3-2: Fly out, F8 (Flyball, 8RM, EV 90.6 MPH)
Batting: RHB Kenny Dickey 0-0: Ball
1-0: Called Strike
1-1: Fly out, F9 (Line Drive, 9, EV 88.8 MPH)
Batting: RHB Matt Heintz 0-0: Called Strike
0-1: Ball
1-1: Ball
2-1: Ball
3-1: Fly out, F6 (Popup, 4S, EV 81.3 MPH)
Top of the 9th over - 0 runs, 1 hit, 0 errors, 1 left on base; Miami Beach 0 - Amarillo 3
Thursday, December 15th , 2022 - OOTP Baseball 23.9 Build 102